 Dungeon Crawl Stone Soup version 0.28-a0-43-g560ac104fe (webtiles) character file.

Game seed: 8575506129661492094

364 Harkinian2 the Chopper (level 6, 0/56 HPs)
             Began as a Minotaur Monk on July 28, 2021.
             Slain by an orc warrior (3 damage)
             ... on level 4 of the Dungeon.
             The game lasted 00:07:25 (3104 turns).

Harkinian2 the Chopper (Minotaur Monk)              Turns: 3104, Time: 00:07:25

Health: 0/56       AC:  8    Str: 16    XL:     6   Next: 39%
Magic:  5/5        EV: 12    Int:  7    God:
Gold:   133        SH:  0    Dex: 14    Spells: 5/5 levels left

rFire   + . .      SeeInvis .   k - +4 war axe (flame)
rCold   . . .      Faith    .   (no shield)
rNeg    . . .      Spirit   .   j - +2 ring mail {rF+}
rPois   .          Reflect  .   (helmet restricted)
rElec   .          Harm     .   g - +0 cloak
rCorr   .          Rampage  .   (no gloves)
Will    .....                   (no boots)
Stlth   +.........              (no amulet)
HPRegen 0.18/turn               (no ring)
MPRegen 0.09/turn               (no ring)

@: no status effects
A: horns 2, retaliatory headbutt
a: no special abilities


You were on level 4 of the Dungeon.
You visited 1 branch of the dungeon, and saw 4 of its levels.

You collected 133 gold pieces.

Inventory:

Hand Weapons
 a - a +0 hand axe
 f - a +2 trident of protection
 k - a +4 war axe of flaming (weapon)
Armour
 b - a +0 robe
 c - a +0 scale mail
 d - a +0 scale mail
 g - a +0 cloak (worn)
 j - a +2 ring mail of fire resistance (worn)
Scrolls
 e - 4 scrolls of identify
 i - a scroll of fear {unknown}
Potions
 h - a potion of curing {unknown}
 l - a potion of brilliance {unknown}
 m - a potion of lignification {unknown}
 n - a potion of attraction {unknown}


   Skills:
 + Level 5.0 Fighting
 + Level 5.8 Axes
 + Level 3.4 Armour
 + Level 4.3 Dodging
 + Level 2.3 Stealth


You had 5 spell levels left.
You didn't know any spells.
Your spell library contained the following spells:

 Spells                   Type           Power      Damage    Failure   Level
 Magic Dart               Conj           0%         1d3       65%         1
 Call Imp                 Summ           0%         N/A       78%         2
 Static Discharge         Conj/Air       0%         N/A       78%         2
 Mephitic Cloud           Conj/Pois/Air  0%         N/A       95%         3
 Dispel Undead            Necr           0%         3d6       100%        4
 Sticky Flame             Conj/Fire      0%         2d3       100%        4


Dungeon Overview and Level Annotations

Branches:
Dungeon (4/15)
 Temple: D:4-7

Altars:

Shops:
D:1 ?

Annotations:
D:3 1 runed translucent door, Crazy Yiuf


Innate Abilities, Weirdness & Mutations

You have a pair of horns on your head.
You reflexively headbutt those who attack you in melee.


Message History

You start resting.
HP restored.
You start waiting.
Done waiting.
You see here a hobgoblin skeleton.
n - a pink potion
There are no items here.
Found a stone staircase leading down.
An orc, an orc warrior and an orc priest come into view.
The orc warrior shouts!
The orc priest shouts!
You hit the orc warrior but do no damage.
You headbutt the orc warrior.
The orc warrior is lightly wounded.
You hit the orc priest. You burn the orc priest.
The orc warrior hits you with a +0 flail.
The orc priest invokes the aid of Beogh against you.
Beogh smites you!
You barely miss the orc warrior.
The orc warrior is lightly wounded.
You barely miss the orc priest.
The orc warrior hits you with a +0 flail.
The orc priest hits you with a +0 short sword.
You hit the orc warrior. You burn the orc warrior.
The orc warrior is lightly wounded.
You slash the orc priest! You burn the orc priest.
The orc warrior hits you but does no damage.
The orc priest hits you but does no damage.
The orc warrior hits you with a +0 flail.
You slash the orc warrior! You burn the orc warrior.
The orc warrior is heavily wounded.
You completely miss the orc priest.
The orc priest mumbles some strange prayers to Beogh against you.
Pain shoots through your body!
* * * LOW HITPOINT WARNING * * *
The orc warrior hits you with a +0 flail!
* * * LOW HITPOINT WARNING * * *
The orc priest closely misses you.
The orc warrior hits you with a +0 flail.
You die...

#. ###...#
#. ###..#
#....#
#.##.# #.
#.## #.
#..#
#..##.###.#
#...ooo#.##
#.@..#
#####..#
#.# .# . .#
#


You could see an orc warrior, an orc priest and an orc.

Vanquished Creatures
  A bullfrog (D:3)
  3 scorpions (D:4)
  Terence (D:3)
  4 adders
  A dart slug (D:1)
  3 orcs
  A ball python (D:1)
  4 bats
  2 endoplasms
  3 giant cockroaches
  6 hobgoblins
  5 jackals (D:2)
  3 quokkas
  2 frilled lizards (D:1)
  8 goblins
  5 kobolds
  5 rats
57 creatures vanquished.

Vanquished Creatures (others)
  An adder skeleton (D:4)
  64 plants (D:4)
65 creatures vanquished.

Grand Total: 122 creatures vanquished

Notes
Turn   | Place    | Note
-------+----------+-------------------------------------------
     0 | D:1      | Harkinian2 the Minotaur Monk began the quest for the Orb.
     0 | D:1      | Reached XP level 1. HP: 19/19 MP: 0/0
   194 | D:1      | Reached XP level 2. HP: 19/27 MP: 1/1
   353 | D:1      | Found Dueriuss's Magic Scroll Shoppe.
   500 | D:1      | Found a faded altar of an unknown god.
   784 | D:2      | Reached XP level 3. HP: 27/33 MP: 2/2
   956 | D:2      | Reached skill level 1 in Armour
  1616 | D:3      | Found a runed translucent door.
  1617 | D:3      | Noticed Crazy Yiuf
  1710 | D:3      | Noticed Terence
  1723 | D:3      | Killed Terence
  1724 | D:3      | Reached XP level 4. HP: 16/41 MP: 3/3
  2179 | D:3      | Noticed a bullfrog
  2186 | D:3      | Killed a bullfrog
  2187 | D:3      | Reached skill level 5 in Axes
  2187 | D:3      | Reached XP level 5. HP: 47/47 MP: 4/4
  2675 | D:4      | Reached XP level 6. HP: 41/55 MP: 5/5
  2814 | D:4      | Reached skill level 5 in Fighting
  3095 | D:4      | Noticed an orc warrior
  3104 | D:4      | Slain by an orc warrior

Illustrated notes

Levels and vault maps discovered:
D:1:      ncdulo_wetmaze, layout_rooms, hellmonk_ecumenical_altar_zigzags,
          serial_shops, nicolae_lakefront_shop
D:2:      layout_basic
D:3:      layout_loops_ring, gup_sewer_entry_spiral, uniq_crazy_yiuf_cottage,
          uniq_terence
D:4:      kennysheep_kobold_camp, layout_rooms,
          riverfiend_overflow_shadow_ancestor

Skill      XL: |  1  2  3  4  5  6 |
---------------+-------------------+-----
Axes           | 4 5 |  5.8
Fighting       | 4 5 |  5.0
Stealth        | 2 |  2.3
Armour         | 1 2 3 |  3.4
Dodging        | 4 |  4.3

Action                   |  1- 3 |  4- 6 || total
-------------------------+-------+-------++-------
Melee: Hand axe          |   102 |     2 ||   104
       Headbutt          |    14 |     6 ||    20
       War axe           |       |    33 ||    33
  Use: Scroll            |     1 |       ||     1
       Potion            |     1 |       ||     1
Armor: Scale mail        |    60 |       ||    60
       Robe              |     2 |       ||     2
       Ring mail         |     1 |    10 ||    11
Dodge: Dodged            |    77 |    18 ||    95

Table legend: (Time is in decaauts)
 A = Elapsed time spent in this place.
 B = Non-inter-level travel time spent in this place.
 C = Inter-level travel time spent in this place.
 D = Time resting spent in this place.
 E = Time spent auto-exploring this place.
 F = Levels seen in this place.
 G = Mean time per level.
                   A        B        C        D        E       F      G
               +--------+--------+--------+--------+--------+-----+--------+
         Total |   3127 |   2897 |    230 |   1006 |      0 |   4 |  781.8 |
       Dungeon |   3127 |   2897 |    230 |   1006 |      0 |   4 |  781.8 |
               +--------+--------+--------+--------+--------+-----+--------+

Top non-repeatable levels by time:
     D:3: 968 daAuts
     D:1: 782 daAuts
     D:4: 775 daAuts
     D:2: 600 daAuts
